[Event "Bangabandhu Premier Div League 2022"]
[Site "Dhaka"]
[Date "2022.12.08"]
[Round "9.12"]
[White "Mehdi Hasan Parag"]
[Black "Warsia, Khusbu"]
[Result "1-0"]
[ECO "B32"]
[WhiteElo "2185"]
[BlackElo "1540"]
[Annotator "TA"]
[PlyCount "125"]
[EventDate "2022.11.30"]
[EventType "team-tourn"]
[EventCountry "BAN"]
[SourceTitle "playchess.com"]
[Source "ChessBase"]
[SourceQuality "1"]
[TimeControl "40/5400+30:1800+30"]

1. e4 c5 2. Nf3 Nc6 3. d4 cxd4 4. Nxd4 e5 5. Nb5 d6 6. c4 Be6 7. N1c3 a6 8. Na3 Nf6 {[%emt 0:03:44][%cal Bg8f6,Bf6d7,Bd7c5][%mdl 32] B32: Sicilian: Löwenthal and Kalashnikov Variations.} 9. Be2 g6 {[%emt 0:00:15] is recently more successful than 9...Be7.} 10. O-O Bg7 {[%emt 0:00:03] The position is equal.} 11. Nc2 (11. Bg5 {is more complex.} Nd4 12. Nc2 O-O 13. Nxd4 exd4 14. Nd5) 11... O-O 12. b3 (12. Bg5 {with more complications.} Nd4 13. Nxd4 exd4 14. Nd5) 12... Nd4 13. Bb2 {[%emt 0:03:46] [#]} (13. Nxd4 exd4 14. Nd5 (14. Qxd4 $2 Nd5 $19) 14... Nxe4 $17) 13... Nd7 $146 ({Predecessor:} 13... Nxc2 14. Qxc2 Rc8 15. a4 Nd7 16. Rfd1 Qc7 17. Nd5 Bxd5 18. Rxd5 Nf6 19. Rd2 b5 {1-0 (33) Kaasen,T (2460)-Koutlas,N (2251) Chess.com INT 2022}) 14. Nd5 (14. Na4 {simplifies} Nxe2+ 15. Qxe2 Rb8 16. Nc3) 14... Bxd5 15. cxd5 Nxc2 16. Qxc2 Rc8 17. Qd2 Nc5 18. f3 Qb6 19. Kh1 $1 f5 20. Qe3 f4 (20... Qd8 $11) 21. Qf2 $14 Qd8 22. Rac1 (22. Rfc1 $14) 22... Bf6 ({Black should play} 22... Qa5 $11) 23. Qg1 (23. Bc3 $14) 23... Qa5 $15 {[%emt 0:48:00] [#] White must now prevent ...Qd2.} 24. Bc3 {[%emt 0:16:40] Prevents Qd2.} (24. Qf2 $15) 24... Qxa2 $19 25. Bc4 {[%emt 0:02:09] Hoping for Rf2.} Nxb3 26. Bb4 (26. Ra1 $142 Qc2 27. Bxb3 Qxc3 28. Qb6) 26... Qa4 27. Bxb3 Qxb4 28. Rb1 Qc5 {[%emt 0:00:00] Prevents Bc2.} 29. Rfc1 Qxg1+ 30. Kxg1 b5 (30... Rxc1+ $19 {and Black stays clearly on top.} 31. Rxc1 Bd8) 31. Rc6 $17 Rxc6 $4 {[%emt 0:00:00][%mdl 8192] [#]} (31... a5 $17 {stays on course. And now ...Be7 would win.} 32. Bd1 a4 33. Rxd6 a3) 32. dxc6+ {[%emt 0:00:03][%mdl 4096] Endgame KRB-KRB. White stays focused until the end.} Kg7 (32... Kh8 {is a better defense.}) 33. c7 $18 Rc8 34. Rc1 Bd8 35. cxd8=Q (35. cxd8=B $2 {perishes.} Rxc1+ 36. Kf2 Rb1 $19) 35... Rxd8 {[%emt 0:00:00] KRB-KR} 36. Rc7+ Kh6 (36... Kh8 $142 37. Kf2 Ra8) 37. Ra7 Rc8 38. h4 ({Weaker is} 38. Rxa6 Rc1+ 39. Kf2 Rb1 $18) 38... g5 $2 (38... a5 39. Rxa5 Kh5) 39. Rxa6 Rc1+ (39... Rd8 $142 40. hxg5+ Kxg5) 40. Kh2 Kh5 41. hxg5 Kxg5 42. Rxd6 Rc5 43. Bg8 b4 44. Rb6 Rc7 45. Rxb4 Rc6 46. Rb5 ({Not} 46. Bxh7 Rh6+ 47. Kg1 Rxh7 $14) 46... Rh6+ 47. Kg1 Kf6 48. Rb6+ {[%emt 0:00:00] White mates.} Kg7 49. Rxh6 Kxh6 {[%emt 0:00:00] KB-K3P} 50. Kh2 Kg7 51. Bd5 Kf6 52. Kh3 Kg5 53. Bg8 h6 54. Bf7 Kf6 55. Bc4 Kg5 56. Bb5 Kh5 57. Bd7 Kg5 58. Be8 Kf6 59. Kh4 Ke7 60. Bg6 Kf6 61. Kh5 Kg7 62. Bf5 Kh8 63. Kxh6 {[%emt 0:00:00] Weighted Error Value: White=0.23 (precise) /Black=0.64} (63. Kg6 $142 Kg8 64. Kf6 h5 65. Bg6 Kf8 66. Bxh5 Kg8 67. Kxe5 Kh7 68. Kf5) 1-0

[Event "Bangabandhu Premier Div League 2022"]
[Site "Dhaka"]
[Date "2022.12.09"]
[Round "10.1"]
[White "Hossain, Enamul"]
[Black "abzid, Rahman"]
[Result "1-0"]
[ECO "B05"]
[WhiteElo "2392"]
[BlackElo "2043"]
[Annotator "TA"]
[PlyCount "42"]
[EventDate "2022.11.30"]
[EventType "team-tourn"]
[EventCountry "BAN"]
[SourceTitle "playchess.com"]
[Source "ChessBase"]
[SourceQuality "1"]
[TimeControl "40/5400+30:1800+30"]

1. e4 Nf6 2. e5 Nd5 3. d4 d6 4. Nf3 Bg4 5. Be2 Nb6 6. h3 {[%emt 0:00:43] B05: Alekhine's Defence: 4 Nf3 Bg4.} Bh5 {[%emt 0:00:50] [#]} ({Better is} 6... Bf5) 7. a4 (7. e6 $142 $1 {Threatens to win with Ng5.} fxe6 8. Ng5 Bxe2 9. Qxe2) 7... a5 {[%emt 0:00:15] [#]} ({Black should try} 7... dxe5 8. a5 (8. Nxe5 Bxe2 9. Qxe2 Qxd4 $14) (8. dxe5 Qxd1+ 9. Bxd1 e6 $11) 8... N6d7) 8. e6 $1 $16 {[%emt 0:01:10] White is clearly better.} fxe6 9. Ng5 Bf7 (9... Bxe2 $16 {keeps fighting.} 10. Qxe2 Nc6) 10. Bg4 $18 {[%emt 0:01:48] [#]} c6 $146 (10... Qc8 {was worth a try.} 11. Nxf7 (11. Qf3 Bg8 $16) 11... Kxf7) ({Predecessor:} 10... Qd7 11. O-O Nc6 12. Re1 Nd8 13. d5 Nxd5 14. Nxf7 Kxf7 15. Bxe6+ Nxe6 16. Qxd5 c6 17. Qf5+ {1-0 (17) Najer,E (2648)-Gazik,V (2539) Chess.com INT 2020}) 11. Nxf7 (11. Nxe6 Bxe6 12. Bxe6 Nd5 $18) 11... Kxf7 12. Qf3+ {[%emt 0:00:11][%mdl 64] Deflection} Ke8 13. Bxe6 Qc7 14. c4 N8d7 15. Nc3 {[%emt 0:00:24] White is clearly winning.} ({Weaker is} 15. c5 Nd5 16. Nc3 (16. cxd6 Qxd6 17. Bf7+ Kd8 $16) 16... N5f6 $18) 15... Nf6 16. O-O g6 17. c5 Nbd7 18. Bf4 {[%emt 0:02:06] Against d5} Bg7 19. Rac1 Rf8 20. cxd6 Qb6 21. Qe2 {[%emt 0:01:46] Hoping for Rfe1.} Qxd4 {[%emt 0:07:22] Black did not feel at home in the position after the opening.   Weighted Error Value: White=0.07 (flawless) /Black=0.64} 1-0

[Event "Bangabandhu Premier Div League 2022"]
[Site "Dhaka"]
[Date "2022.12.09"]
[Round "10.1"]
[White "Hrishin, Talukder"]
[Black "Shawket Bin, Osman Shaon"]
[Result "0-1"]
[ECO "B01"]
[WhiteElo "1673"]
[BlackElo "2069"]
[Annotator "TA"]
[PlyCount "82"]
[EventDate "2022.12.01"]
[EventCountry "BAN"]
[SourceTitle "playchess.com"]
[Source "ChessBase"]
[SourceQuality "1"]
[TimeControl "40/5400+30:1800+30"]

1. e4 d5 2. exd5 Qxd5 3. Nc3 Qa5 4. d4 Nf6 5. Bc4 c6 6. h3 Bf5 {[%emt 1:29:40] B01: Scandinavian Defence.} 7. Bf4 e6 8. Nge2 Nbd7 {[%emt 0:01:00] The position is equal.} 9. O-O Be7 10. Qd2 {[%emt 0:01:00] [#]} Qb6 $146 ({Predecessor:} 10... O-O 11. Nd5 Qd8 12. Nxe7+ Qxe7 13. Rfe1 Nb6 14. Bb3 Rfd8 15. Ng3 Bg6 16. c4 h6 {1-0 (35) Popova,N (2233)-Dudys,J (2099) Rewal 2006}) 11. Bd3 Bxd3 12. Qxd3 O-O 13. Rfe1 Rfe8 14. a3 Rad8 15. b4 e5 16. Na4 Qc7 17. Bh2 Bd6 18. Rad1 exd4 19. Bxd6 Qxd6 20. Qxd4 Qc7 (20... Qxd4 {simplifies} 21. Rxd4 Rc8 22. Rdd1 b5) 21. Qa1 (21. Qxa7 $2 Ra8 22. Qd4 Rxa4 $19) 21... Ne5 22. Nc5 b6 {[%emt 0:00:00] Hoping for ...Rxd1.} (22... Rxd1 {simplifies} 23. Qxd1 b6 24. Nb3 Nc4) 23. Nb3 Nc4 (23... Rxd1 {simplifies} 24. Qxd1 Nc4 25. Qa1 h6) 24. Ned4 Nd5 25. Nf5 f6 26. Nbd4 {[%emt 0:00:30] Black must now prevent Ne6.} Qd7 {[%emt 0:00:30] Against Ne6} 27. Qa2 b5 28. Qb3 {[%emt 0:00:30] Against Nc3} g6 (28... Rxe1+ {simplifies} 29. Rxe1 Re8 30. Rxe8+ Qxe8 31. Nf3 Qe4) 29. Nh6+ (29. Rxe8+ {simplifies} Rxe8 30. Ng3 a5 31. bxa5 Nxa5 32. Qd3) 29... Kg7 30. Ng4 Rxe1+ 31. Rxe1 {[%emt 0:00:15] Threatens to win with Ne6+.} Nf4 {[%emt 0:01:30] Against Ne6+} (31... Re8 {simplifies} 32. Rxe8 Qxe8 33. Ne3 Ndxe3 34. fxe3 Qxe3+ 35. Qxe3 Nxe3 36. Kf2 Nc4) 32. c3 Re8 33. Qd1 Qd5 (33... Nxa3 $2 {[#]} 34. Ne6+ $1 Qxe6 35. Rxe6 Nxe6 36. Qd7+ Kf8 37. Qxh7 $18) (33... Nd5 {simplifies} 34. Rxe8 Qxe8 35. Nxb5 h5) 34. Nf3 $2 (34. f3 $11 Rxe1+ 35. Qxe1) 34... Rxe1+ $40 {[%emt 0:00:00][%mdl 128] Black mounts an attack. Chess con chili.} (34... Nxa3 35. Ne3 Qxd1 36. Rxd1 $11) (34... h5 $19 35. Ne3 Qxd1 36. Nxd1 Rxe1+ 37. Nxe1 Nxa3) 35. Qxe1 $15 h5 {[%emt 0:00:21] Black has more active pieces.} (35... Nxa3 36. Qe3 (36. Qe7+ Qf7 $11) 36... h5 37. Qxf4 $16 (37. Qxa7+ Qf7 $11)) (35... Kf7 $15) 36. Ne3 $11 ({But not} 36. Qe7+ Qf7 37. Qxf7+ Kxf7 $17) 36... Nxh3+ 37. gxh3 Qxf3 38. Nxc4 bxc4 39. Qe7+ Kh6 40. Qxa7 $2 (40. h4 $1 $11 {and White stays safe.}) 40... Qxc3 $19 {[%emt 0:00:00] aiming for ...Qe1+.} 41. Qe3+ {[%emt 0:29:15] [#]} (41. Qc5 $19 Qe1+ 42. Kg2) 41... Qxe3 {[%emt 0:28:47] Weighted Error Value: White=0.39/Black=0.13 (very precise)} 0-1

[Event "Bangabandhu Premier Div League 2022"]
[Site "Dhaka"]
[Date "2022.12.09"]
[Round "10.2"]
[White "Mendonca, Leon Luke"]
[Black "Aaryan Varshney"]
[Result "1-0"]
[ECO "A06"]
[WhiteElo "2565"]
[BlackElo "2312"]
[Annotator "TA"]
[PlyCount "89"]
[EventDate "2022.12.01"]
[EventCountry "BAN"]
[SourceTitle "playchess.com"]
[Source "ChessBase"]
[SourceQuality "1"]
[TimeControl "40/5400+30:1800+30"]

1. Nf3 d5 2. e3 c5 3. b3 Nf6 4. Bb2 Nc6 5. Bb5 Bd7 6. O-O e6 7. d4 {[%emt 0:00:00] A06: Réti Opening: 1 Nf3 d5.} Bd6 8. Nbd2 O-O 9. Bd3 {[%emt 0:00:30] [#] White has an edge.} Nb4 $146 ({Predecessor:} 9... Qc7 10. c4 e5 11. cxd5 Nxd5 12. dxc5 Be7 13. Rc1 Rad8 14. a3 Bg4 15. h3 Bh5 {1-0 (35) Lubbe,N (2433)-Sistig,M (1844) Reinstorf 2022}) 10. Be2 Rc8 11. a3 Nc6 12. dxc5 Bxc5 13. b4 Bd6 14. c4 Qe7 15. Qb3 dxc4 16. Nxc4 Bc7 $1 17. Rac1 (17. b5 $5 Na5 18. Nxa5 Bxa5 19. Ne5 $14) 17... a6 18. Ncd2 Rfd8 19. Bxf6 Qxf6 20. Ne4 Qe7 21. Nc5 {[%emt 0:00:00] Pair of Knights!} Rb8 22. Qb1 (22. Nxd7 {simplifies} Rxd7 23. g3 Na7 24. Bd3) 22... Be8 23. Bd3 h6 24. Be4 Rdc8 25. Rfd1 Bd6 (25... f5 26. Bxc6 Bxc6 27. Nd4 $16) 26. Nd2 a5 (26... Qh4 27. g3 Qe7 28. Bg2 $14) (26... f5 {simplifies} 27. Bd3 Ne5 28. Nc4 Nxc4 29. Bxc4 Bxc5 30. bxc5 Bf7) 27. Nc4 Bc7 (27... Bxc5 28. bxc5 Qc7 29. g3 $16 (29. Nd6 Rd8 $16)) 28. b5 (28. Qb3 $11) 28... Na7 (28... Qxc5 $15 29. Nd6 Qxd6 30. Rxd6 Bxd6 31. bxc6 Bxc6 32. Bxc6 Bxa3) 29. Bxb7 $2 (29. Nxe6 $11 Nxb5 30. Nxc7 Rxc7 31. Bh7+ (31. Nxa5 $2 Nc3 $19) 31... Kh8 32. Bd3 (32. Nxa5 $2 Nc3 $19)) 29... Bxh2+ $19 (29... Qxc5 30. Bxc8 Rxb5 31. Qc2 (31. Nb2 Qe5 $17) 31... Nxc8 32. Nd2 Qxc2 33. Rxc2 $15) 30. Kxh2 Rxc5 31. Nd6 Rh5+ 32. Kg1 {[%emt 0:00:00] And now Bf3 would win.} Rxb7 (32... Qh4 33. f4 Qh2+ 34. Kf2 Qh4+ 35. Kg1 Bxb5 36. Bf3 Qh2+ 37. Kf2 $11) 33. b6 (33. Qe4 $142 Rbxb5 34. Nxb5 Rxb5 35. Qa8) 33... Qh4 $1 34. f4 $2 {[%emt 0:00:00] [#]} (34. Kf1 Bb5+ 35. Nxb5 Rxb6 36. a4) 34... Qh2+ $2 (34... Qg3 $1 $19 35. Nc4 (35. Ne4 Qxe3+) 35... Qh2+ 36. Kf1 Qh1+ 37. Kf2 Qh4+ 38. Ke2 Qg4+ 39. Kf2 Rh2) 35. Kf2 $11 {[%emt 0:00:06] aiming for Rh1. Active counter play!} Qh4+ 36. Kf3 {[%emt 0:00:34] [#]} (36. Kg1 $1 $11 Qg3 37. Rc2) 36... g5 $2 37. Nxe8 $2 {[%emt 0:00:42] Really sharp!} (37. Nxb7 g4+ 38. Ke4 (38. Ke2 $2 Bb5+ 39. Kd2 Qf2+ 40. Kc3 Qxe3+ 41. Kb2 Bc4 $19) 38... Bc6+ 39. Kd3 Rd5+ 40. Kc4 Nc8 $17) (37. bxa7 $18 gxf4 38. exf4 (38. a8=R $2 {is a self mate.} Qg3+ 39. Ke2 Qxe3+ 40. Kf1 Rh1#) 38... Rxb1 39. a8=Q Rb3+ 40. Ke4 f5+ 41. Ke5 Re3+ 42. Kd4 Qxf4+ 43. Kc5) 37... g4+ $2 (37... gxf4 $17 {and life is bright. ( -> ...Qg3+)} 38. exf4 Rb5) 38. Ke2 $18 Nb5 (38... Rb5 $142 39. Qa1 (39. bxa7 Rxb1 40. a8=Q R7b2+ 41. Kd3 Rb8 $17) 39... e5) 39. Rc8 {[%emt 0:00:44] Nf6+ would kill now.} Rxb6 40. Nf6+ {[%emt 0:00:07][%mdl 64] Discovered Attack (Double check), Double Attack. White mates.} Kg7 41. Qh7+ Kxf6 42. Qh8+ Kf5 43. Qe5+ Kg6 44. Rg8+ Kh7 45. Qh8# {[%emt 0:00:00] Weighted Error Value: White=0.41/Black=0.60} 1-0

[Event "Bangabandhu Premier Div League 2022"]
[Site "Dhaka"]
[Date "2022.12.09"]
[Round "10.2"]
[White "Aradhya, Garg"]
[Black "Mohammad Fahad, Rahman"]
[Result "0-1"]
[ECO "D31"]
[WhiteElo "2289"]
[BlackElo "2380"]
[Annotator "TA"]
[PlyCount "82"]
[EventDate "2022.11.30"]
[EventType "team-tourn"]
[EventCountry "BAN"]
[SourceTitle "playchess.com"]
[Source "ChessBase"]
[SourceQuality "1"]
[TimeControl "40/5400+30:1800+30"]

1. d4 d5 2. c4 e6 3. Nc3 a6 4. c5 Nc6 5. Nf3 e5 {[%emt 0:00:52] [#]} (5... Be7 {simplifies} 6. Bf4 Nf6 7. e3 O-O) 6. e4 $146 {D31: Queen's Gambit Declined: Semi-Slav without ...Nf6 (+ Marshall Gambit and Noteboom) and Exchange Variation lines without ...Nf6.} (6. Nxe5 $14 {stays ahead.} Nxe5 7. dxe5) ({Predecessor:} 6. e3 e4 7. Nd2 h5 8. b4 h4 9. h3 Nh6 10. Rb1 Ne7 11. a4 g5 12. b5 axb5 13. axb5 {½-½ (53) Korobov,A (2690)-Warmerdam,M (2595) Chess.com INT 2021}) 6... dxe4 $17 7. Ng5 Qxd4 (7... Nxd4 8. Bc4 Nh6 9. O-O $15) ({Black should try} 7... h6 $17 8. d5 hxg5 9. dxc6 Qxd1+ 10. Nxd1 Bxc5 11. cxb7 Bxb7 12. Bxg5 f6) 8. Qb3 $1 $15 {[%emt 0:18:16] Black is slightly better.} Nh6 (8... Qxc5 9. Qxf7+ (9. Ncxe4 $2 Qb4+ 10. Bd2 Qxb3 $19) 9... Kd8 10. Ncxe4 $16 (10. Ngxe4 Qe7 $14)) 9. Ngxe4 {[%emt 0:14:37] And now Bxh6 would win.} Nf5 (9... Bxc5 $2 10. Be3 Qb4 11. Bxc5 Qxb3 12. axb3 $18) 10. Ng5 Qd7 (10... Bxc5 11. Qxf7+ Kd8 12. Nge4 $11) 11. Bc4 Nd8 (11... Bxc5 12. Bxf7+ Ke7 13. Be6 $16) 12. Nce4 (12. Be3 $15 Nxe3 13. fxe3 Bxc5 14. Rd1) 12... Nd4 $19 13. Qd3 f5 $36 {[%emt 0:00:00][%mdl 2048] Black is on the roll.} 14. Nc3 h6 {[%emt 0:00:00] Prevents b4.} (14... Bxc5 $142 {Threatens to win with ...h6.} 15. Qd1 b5) 15. Qh3 (15. Nf3 $17 {was the only defense.} Bxc5 16. Nxe5) 15... Nc2+ 16. Ke2 Nd4+ (16... Nxa1 $2 17. Qh5+ Ke7 18. Nd5+ $18) 17. Kf1 g6 {[%emt 0:00:00] Against Qh5. aiming for ...Qg7.} (17... Bxc5 $2 18. Qh5+ Kf8 19. Nf3 Nxf3 20. Qxf3) 18. Bf4 $2 {[%emt 0:04:10] [#]} (18. Nf3 $17 N8c6 19. Qg3) 18... Bg7 $1 ({Less strong is} 18... exf4 19. Re1+ $16) ({Don't do} 18... Bxc5 19. Bxe5 Be7 20. Re1 $18) ({Not} 18... hxg5 19. Qxh8 gxf4 20. Nd5 $14) 19. Bxe5 {[%emt 0:00:42][%cal Oh3e3] Strongly threatening Qe3!} Bxe5 20. Re1 Qg7 21. Nf3 Nxf3 22. Qxf3 Kf8 $2 (22... Nc6 $19 {and Black stays clearly on top.} 23. Bd5 Ne7 24. Bxb7 Bxb7 25. Qxb7 O-O) 23. Qe3 $17 Be6 ({Black should play} 23... Nc6 $17 24. f4 {[#]} Be6 $1 25. Bxe6 Bd4) 24. Bxe6 $15 Nxe6 25. Qxe5 Qxe5 26. Rxe5 Kf7 27. h4 Kf6 {[%emt 0:00:48] Against h5} 28. Rd5 Rad8 29. h5 g5 30. c6 b5 {[%emt 0:01:24] Hoping for ...b4.} 31. g4 (31. a3 $17) 31... fxg4 $19 32. Ne4+ Kg7 33. Rf5 (33. Rxd8 Rxd8 34. Kg2) 33... Rhe8 34. Ng3 Nf4 35. Kg1 Rd2 {[%emt 0:00:21] ( -> ...Re1+)} 36. Nf1 Re1 37. Re5 Rc1 {[%emt 0:01:07] Black mates.} 38. Re7+ Kf6 39. Rd7 Rxb2 40. Rxc7 {[%emt 0:00:15] [#]} Rxf1+ $1 41. Kxf1 (41. Kh2 Rbxf2+) 41... Rb1# {[%emt 0:30:04] Weighted Error Value: White=0.56/Black=0.19 (very precise)} 0-1

[Event "Bangabandhu Premier Div League 2022"]
[Site "Dhaka"]
[Date "2022.12.09"]
[Round "10.3"]
[White "Narayanan.S.L"]
[Black "Sankalan Shah"]
[Result "1-0"]
[ECO "D35"]
[WhiteElo "2673"]
[BlackElo "2218"]
[Annotator "TA"]
[PlyCount "85"]
[EventDate "2022.11.30"]
[EventType "team-tourn"]
[EventCountry "BAN"]
[SourceTitle "playchess.com"]
[Source "ChessBase"]
[SourceQuality "1"]
[TimeControl "40/5400+30:1800+30"]

1. d4 Nf6 2. c4 e6 3. Nc3 d5 4. cxd5 exd5 5. Bg5 c6 6. e3 Be7 7. Bd3 Ne4 8. Bf4 Nd6 {[%emt 0:02:30] [#] D35: Queen's Gambit Declined: Exchange Variation.} 9. Nf3 $146 {[%emt 0:00:55] White has more active pieces.} ({Predecessor:} 9. Qc2 Nd7 10. Nf3 Nf6 11. h3 g6 12. a3 Bf5 13. O-O O-O 14. b4 Nfe4 15. Nd2 Nxd2 16. Qxd2 {1-0 (33) Butyrowski,M (1873)-Fudalej,M (2235) Jastrzebia Gora 2019}) 9... Nd7 10. h3 Nf6 {[%emt 0:03:26] The position is equal.} 11. Ne5 Bf5 {[%emt 0:03:47] [#]} (11... O-O $11) 12. Nxf7 $1 Kxf7 13. Bxd6 {[%emt 0:00:06][%mdl 64] Remove Defender} Bxd6 14. Bxf5 g6 15. Bd3 Qe7 16. Qc2 Rhf8 17. O-O-O Kg7 18. Kb1 c5 (18... Rf7 $16) 19. g4 c4 (19... cxd4 $16 20. exd4 Rae8) 20. Be2 ({White should play} 20. Bf1 $18) 20... Qf7 21. g5 Nd7 (21... Ne8 $142 22. h4 Bb4) 22. e4 Nb6 23. exd5 (23. h4 $18) 23... Nxd5 (23... Rae8 $14) 24. Ne4 $18 (24. Bxc4 $6 Nxc3+ 25. Qxc3 Qf5+ 26. Ka1 Qxg5 $14) 24... Bb4 25. Bxc4 Rac8 26. Bxd5 Qxd5 27. Qd3 Rf4 28. f3 Rcf8 29. Rhf1 (29. Rdf1 $142) 29... Be7 30. Rc1 (30. Nc3 $16 Qxg5 31. d5) 30... Bxg5 $11 31. Rc7+ (31. Nxg5 {simplifies} Qxg5 32. Rc7+ R8f7 33. Rfc1) 31... Kh6 {[%emt 0:04:52][%cal Od5e4] White must now prevent ...Qxe4!} 32. a3 ({Better is} 32. Nxg5 $14 Qxg5 33. Rxb7) 32... b6 (32... Bd8 $1 $11 {remains equal.} 33. Nc3 Qxd4 34. Qxd4 Rxd4 35. Rxb7 a6) 33. Rxa7 $16 ({Don't take} 33. Rg1 $6 Bd8 34. Nc3 (34. Rxa7 Rxf3 35. Nc3 Rxd3 $11) 34... Qf5 35. Qxf5 R8xf5 $14) 33... Qf5 {[%emt 0:00:39] Against h4} (33... R8f7 $16 34. Rxf7 Rxf7) 34. Rc1 $18 {[%emt 0:02:25] And now Rcc7 would win.} Rxf3 35. Qxf3 {[%emt 0:00:34] Dancing on a razor blade.} Qxf3 $2 {[%emt 0:00:56] [#]} (35... Bxc1 36. Qxf5 gxf5) 36. Rxh7+ $3 {[%emt 0:00:06][%mdl 576] Deflection, Decoy} Kxh7 37. Nxg5+ Kh6 38. Nxf3 Rxf3 39. Rc3 Rf1+ 40. Ka2 {[%emt 0:00:26] White is clearly winning.} Rd1 (40... Kg5 $142 41. d5 Rd1) 41. Rb3 Rxd4 42. Rxb6 Rd3 43. Rb3 {[%emt 0:00:08] Weighted Error Value: White=0.27 (precise) /Black=0.52} 1-0

[Event "Bangabandhu Premier Div League 2022"]
[Site "Dhaka"]
[Date "2022.12.09"]
[Round "10.3"]
[White "Kushagra Mohan"]
[Black "Iniyan, P."]
[Result "0-1"]
[ECO "B23"]
[WhiteElo "2390"]
[BlackElo "2534"]
[Annotator "TA"]
[PlyCount "76"]
[EventDate "2022.12.01"]
[EventCountry "BAN"]
[SourceTitle "playchess.com"]
[Source "ChessBase"]
[SourceQuality "1"]
[TimeControl "40/5400+30:1800+30"]

1. e4 c5 2. Nc3 a6 3. g3 Nc6 4. Nge2 d6 5. Bg2 h5 {[%emt 0:01:00] [#]} 6. d4 $146 {[%emt 0:00:30] B23: Closed Sicilian: Lines without g3.} ({Predecessor:} 6. h3 g6 7. d3 Bg7 8. Be3 e5 9. O-O Be6 10. Nd5 Bxd5 11. exd5 Nce7 12. c4 Qd7 13. b4 cxb4 14. Qb3 a5 15. a3 h4 16. axb4 {½-½ (16) Le Dinh,T-Dao,T (2564) Can Tho 2001}) 6... cxd4 7. Nxd4 Bd7 8. Bg5 {[%emt 0:01:00] White is slightly better.} Nf6 9. O-O e6 10. Nxc6 Bxc6 11. e5 ({White should play} 11. a4 $14) 11... Bxg2 $11 12. Kxg2 dxe5 13. Qf3 Qc7 14. Bxf6 gxf6 15. Qxf6 Rh6 16. Qg5 f6 17. Qe3 (17. Qg8 {is more complex.} Qc6+ 18. Kg1 f5 19. Rad1) 17... h4 18. g4 Rg6 19. h3 (19. Kh3 $1 $11 {keeps the balance.}) 19... f5 20. f3 (20. Rad1 $1 $15) 20... e4 $17 21. fxe4 fxg4 {[%emt 0:00:30] Black is more active.} 22. e5 (22. Ne2 $17 {is a better defense.}) 22... gxh3+ $19 23. Kh1 Bc5 (23... O-O-O $19 24. Rae1 Bg7) 24. Qe4 $17 {[%emt 0:00:00] [#]} Qg7 ({Better is} 24... Rg5 $1 $17 {And now ...0-0-0 would win.} 25. Qa4+ Qc6+ 26. Qxc6+ bxc6) 25. Rad1 Rd8 (25... Rg5 $17 26. Qf3 Rxe5 27. Qxh3 Rd8) 26. Ne2 $2 ({Only move:} 26. Qa4+ $15 b5 27. Qxa6 Rxd1 28. Qxb5+ Rd7 29. Qxc5) 26... Rxd1 $19 {[%emt 0:00:00] The board is on fire.} 27. Rxd1 Rg4 (27... Rg2 28. Qa4+ b5 29. Qe4 $11) 28. Qf3 h2 {[%emt 0:00:00] [#] Strongly threatening ...Rg1+.} 29. Kxh2 (29. Rf1 {was the only defense.}) 29... Qxe5+ 30. Kh1 Rg7 (30... Rg5 $142 31. Qxb7 Bd6 32. Qa8+ Ke7 33. Qb7+ Bc7 34. Qb4+ Ke8 35. Qa4+ Kf8 36. Rf1+ Rf5 37. Rxf5+ exf5 38. Qa3+ Ke8 39. Qa4+ Kf8 40. Qxh4 Qd5+ 41. Kg1 Qd1+ 42. Kg2 (42. Kf2 Bb6+ 43. Kg3 Qe1+ 44. Kh3 Qf1+ 45. Kg3 Bf2+ 46. Kf4 Bxh4+ 47. Ke3 Bg5+ 48. Kd3 Qf3+ 49. Kd4 Qxe2 50. c4 Be3+ 51. Kc3 Bd2+ 52. Kc2 Be1+ 53. Kb3 Qd3+ 54. Ka4 Qxc4+ 55. Ka3 Qb4#) 42... Qxe2+ 43. Qf2 Qg4+ 44. Kf1 Qd1+ 45. Kg2 Qg4+ 46. Kf1 Bd6) 31. Nf4 Rf7 (31... Qxb2 $2 32. Qh5+ (32. Nxe6 Rg1+ 33. Rxg1 Bxg1 $16) 32... Rf7 33. Qxc5 (33. Qxh4 $2 Be7 $19) 33... Rxf4 34. Qc8+ Kf7 35. Qc7+ Kg6 36. Qxf4 $18) 32. Qd3 $2 (32. Nd3 {is more resistant.} Rxf3 33. Nxe5) 32... Bb6 (32... Qxf4 $2 33. Qd8#) (32... Rxf4 $142 33. Qd8+ Kf7 34. Rd7+ Kg6 35. Qg8+ Kf5 36. Qh7+ Kg4 37. Qg6+ Qg5 38. Qxe6+ Rf5 39. Qe4+ Kh5 40. Qe8+ Kg4 41. Qe4+ Kh5 42. Qe8+ Qg6 43. Rh7+ Kg5 44. Qd8+ Rf6 45. Qd2+ Rf4 46. Qg2+ Rg4 47. Qd2+ Kf5 48. Qd5+ Kf6 49. Qd8+ Ke5 50. Qc7+ Bd6 51. Re7+ Kf4 52. Rf7+ Ke4 53. Qc4+ Ke5 54. Qc3+ Rd4 55. Qe3+ Re4 56. Qc3+ Kd5) 33. Ng6 Qg3 $40 {[%emt 0:00:30][%mdl 128] Black is out for blood.} (33... Qxb2 $2 34. Qe4 (34. Nxh4 $2 {too greedy.} Qf6 $19) 34... Qxa2 35. Qe5 $18) 34. Qxg3 hxg3 35. Kg2 ({Don't blunder} 35. Rd6 $2 Rh7+ 36. Kg2 Bc7 37. Rxe6+ Kf7 $19) 35... Bc7 {[%emt 0:01:00] White must now prevent ...Rf2+.} 36. Rd2 {[%emt 0:00:00] Prevents Rf2+.} (36. Rf1) 36... Rh7 {[%emt 0:00:00] Threatens to win with ...Rh2+. Black is clearly winning.} 37. Kf3 Rh6 38. Nf4 Rf6 {[%emt 0:00:00] Weighted Error Value: White=0.75/Black=0.28 (precise)} 0-1